 Dungeon Crawl Stone Soup version 0.18.1-48-g4cf74bf (webtiles) character file.

8074 nikopol the Spear-Bearer (level 11, -7/97 HPs)
             Began as a Minotaur Berserker on July 9, 2016.
             Was a High Priest of Trog.
             Mangled by a komodo dragon (26 damage)
             ... on level 1 of the Lair of Beasts.
             The game lasted 00:36:58 (10456 turns).

nikopol the Spear-Bearer (Minotaur Berserker)      Turns: 10456, Time: 00:36:59

Health: -7/97      AC: 17    Str: 21    XL:     11   Next: 5%
Magic:  10/10      EV: 12    Int:  4    God:    Trog [*****.]
Gold:   817        SH:  0    Dex: 14    Spells: 0 memorised, 10 levels left

rFire  . . .     SeeInvis +     x - +2 halberd (freeze)
rCold  . . .     Gourm    .     y - +1 chain mail {rPois}
rNeg   . . .     Faith    .     (shield currently unavailable)
rPois  +         Spirit   .     (helmet restricted)
rElec  .         Dismiss  .     (no cloak)
rCorr  .         Reflect  .     v - +2 pair of gloves
SustAt .         Harm     .     R - +0 pair of boots
MR     .....     Rnd*Tele +     (no amulet)
Stlth  ..........               o - ring of see invisible
                                T - ring of teleportation (curse)

@: not resistant to hostile enchantments, extremely unstealthy
A: retaliatory headbutt, horns 2
a: Berserk, Trog's Hand, Brothers in Arms, Burn Spellbooks, Renounce Religion


You were on level 1 of the Lair of Beasts.
You worshipped Trog.
Trog was extremely pleased with you.
You were not hungry.

You visited 2 branches of the dungeon, and saw 11 of its levels.
You also visited: Ossuary.

You collected 817 gold pieces.

Inventory:

Hand Weapons
 c - a +0 shortbow
 x - a +2 halberd of freezing (weapon)
Missiles
 C - 167 arrows (quivered)
Armour
 b - a +0 animal skin
 g - a +1 scale mail
 s - a +0 ring mail
 v - a +2 pair of gloves (worn)
 y - a +1 chain mail of poison resistance (worn)
 R - a +0 pair of boots (worn)
 Y - the cursed +1 scale mail of Dim Light {+Fly Regen+ Int-4, unknown}
   (You found it on level 9 of the Dungeon)

   It affects your intelligence (-4).
   It lets you fly.
   It increases your rate of regeneration.
   It has a curse placed upon it.
Jewellery
 k - an uncursed ring of magical power
 o - a ring of see invisible (right hand)
 B - a cursed -3 ring of slaying {unknown}
 S - a +4 ring of dexterity
 T - a cursed ring of teleportation (left hand)
Wands
 F - a wand of acid (4/15)
 O - a wand of disintegration (11/24)
Scrolls
 f - 2 scrolls of random uselessness
 h - 10 scrolls of identify
 q - 2 scrolls of enchant weapon
 r - 2 scrolls of enchant armour
 L - 6 scrolls of teleportation
 M - 4 scrolls of magic mapping {unknown}
 P - 6 scrolls of remove curse {unknown}
 Q - a scroll of recharging {unknown}
 U - a scroll of fear {unknown}
 V - a scroll of blinking {unknown}
Potions
 a - 3 potions of invisibility {unknown}
 d - 3 potions of haste
 e - a potion of magic {unknown}
 i - a potion of brilliance {unknown}
 j - 5 potions of berserk rage {unknown}
 m - 4 potions of degeneration {unknown}
 t - 2 potions of heal wounds
 u - a potion of cancellation {unknown}
 w - a potion of mutation {unknown}
 z - a potion of agility {unknown}
 A - a potion of ambrosia {unknown}
 E - 2 potions of resistance
 G - 3 potions of flight {unknown}
 H - 2 potions of curing
 I - 2 potions of lignification {unknown}
 J - a potion of beneficial mutation {unknown}
 K - 2 potions of cure mutation {unknown}
 N - a potion of might {unknown}
Books
 X - a book of Geomancy

   Spells                             Type                      Level
   a - Sandblast                      Earth                        1
   b - Passwall                       Transmutation/Earth          2
   c - Stone Arrow                    Conjuration/Earth            3
   d - Petrify                        Transmutation/Earth          4
   e - Lee's Rapid Deconstruction     Earth                        5
   Trog disapproves of the use of such an item.
Comestibles
 l - a royal jelly
 n - 6 bread rations
 p - 4 fruits
 D - 3 meat rations
 W - a slice of pizza
 Z - 11 chunks of flesh


   Skills:
 + Level 9.3 Fighting
 * Level 11.0 Polearms
 * Level 8.4 Bows
 + Level 9.2 Armour
 + Level 8.3 Dodging


You had 10 spell levels left.
You didn't know any spells.

Dungeon Overview and Level Annotations

Branches:
Dungeon (10/15)            Temple (0/1) D:4            Lair (1/8) D:10
    Orc: D:9-12

Altars:
Cheibriados
Dithmenos
Elyvilon
Fedhas
Gozag
Makhleb
Okawaru
Pakellas
Ru
Sif Muna
Trog
Vehumet
Yredelemnul
Zin
The Shining One

Shops:
D:7 !   D:9 !


Innate Abilities, Weirdness & Mutations

You reflexively headbutt those who attack you in melee.
You have a pair of horns on your head.


Message History

Wield which item (- for none, * to show all)? (? for menu, Esc to quit)
Your +2 halberd of freezing glows with a cold blue light!
x - a +2 halberd of freezing (weapon)
The komodo dragon bites you but does no damage.
You hit the komodo dragon.
The komodo dragon seems to slow down.
You freeze the komodo dragon. You headbutt the komodo dragon.
The komodo dragon is moderately wounded.
You hit the komodo dragon but do no damage.
The komodo dragon is moderately wounded.
The komodo dragon bites you!!
* * * LOW HITPOINT WARNING * * *
You barely miss the komodo dragon.
You headbutt the komodo dragon, but do no damage.
The komodo dragon is moderately wounded.
You slash the komodo dragon! You freeze the komodo dragon.
Your headbutt misses the komodo dragon.
The komodo dragon is heavily wounded.
The komodo dragon is no longer moving slowly.
The komodo dragon bites you!!
You die...

.P#####..####
##......########..
.# ##.# #P.... #..
. .(.. #... ...
..(..# #. P..
......# ###...## .
...## ### . ..
..## #####.###...#
#.. #....@......#
#..
.......l.......
.#..
...............
....
.....$.(.......
....
........(......
....
........(......
....
...............
....
.......(.......
#.. #..


You could see a komodo dragon.

Vanquished Creatures
  Erolcha (D:8)
  The ghost of nikopol the Poker, a novice MiBe of Trog (D:6)
  Pikel (D:8)
  2 spiny frogs (Lair:1)
  3 komodo dragons (Lair:1)
  A troll (D:9)
  Sigmund (D:5)
  A hungry ghost (D:9)
  A steam dragon (D:9)
  Eustachio (D:5)
  2 hell hounds (D:10)
  2 ice beasts
  2 phantoms
  3 centaurs
  4 ogres
  2 crocodiles
  3 big kobolds (D:9)
  7 giant frogs
  4 water moccasin zombies (Ossuary)
  A scorpion (D:8)
  A water moccasin skeleton (D:10)
  5 killer bees (D:9)
  8 wights
  A howler monkey (D:6)
  A centaur zombie (D:8)
  3 crimson imps
  A jelly (D:7)
  A giant frog skeleton (D:9)
  3 orc priests (D:10)
  3 centaur skeletons
  5 hounds
  3 orc wizards (D:10)
  5 iguanas
  11 worker ants
  A killer bee zombie (D:6)
  5 big kobold zombies (Ossuary)
  A hound skeleton (D:6)
  2 mummies (Ossuary)
  2 worker ant zombies
  7 adders
  4 shadow imps
  An ooze (D:1)
  An adder skeleton (D:4)
  5 adder zombies
  5 worms
  7 giant geckos
  15 orcs
  4 giant cockroaches
  14 goblins
  6 hobgoblins
  26 jackals
  24 kobolds
  7 quokkas
  A ball python (D:3)
  4 bats
  A giant gecko skeleton (D:5)
  A giant gecko zombie (D:6)
  6 giant newts
  A gnoll zombie (Ossuary)
  6 hobgoblin zombies (Ossuary)
  A jackal skeleton (D:4)
  2 kobold zombies (Ossuary)
  3 orc zombies (Ossuary)
  3 quokka zombies
  9 rats
269 creatures vanquished.

Notes
Turn   | Place    | Note
--------------------------------------------------------------
     0 | D:1      | nikopol the Minotaur Berserker began the quest for the Orb.
     0 | D:1      | Reached XP level 1. HP: 19/19 MP: 0/0
    74 | D:1      | Reached XP level 2. HP: 23/27 MP: 1/1
   475 | D:1      | Reached ** piety under Trog
   642 | D:1      | Reached XP level 3. HP: 28/33 MP: 2/2
  1105 | D:2      | Reached skill level 4 in Polearms
  1147 | D:2      | Found a white marble altar of Elyvilon.
  1195 | D:2      | Reached XP level 4. HP: 41/41 MP: 3/3
  1420 | D:2      | You fall through a shaft for 2 floors!
  1790 | D:3      | Reached *** piety under Trog
  1967 | D:3      | HP: 2/41 [poisoned by an orc]
  1973 | D:3      | HP: 2/41 [poisoned by an orc]
  2616 | D:4      | Found an iron altar of Okawaru.
  2623 | D:4      | Found a staircase to the Ecumenical Temple.
  2814 | D:4      | Reached XP level 5. HP: 34/47 MP: 4/4
  2833 | D:4      | Found a glowing silver altar of Zin.
  3178 | D:4      | Found a basalt altar of Yredelemnul.
  3618 | D:5      | Entered Level 5 of the Dungeon
  3667 | D:5      | Noticed an ice beast
  3675 | D:5      | Killed an ice beast
  3675 | D:5      | Reached skill level 5 in Fighting
  3675 | D:5      | Reached skill level 5 in Polearms
  3675 | D:5      | Reached XP level 6. HP: 56/56 MP: 5/5
  3761 | D:5      | Noticed Eustachio
  3781 | D:5      | Killed Eustachio
  3829 | D:5      | Noticed Sigmund
  3847 | D:5      | Killed Sigmund
  3847 | D:5      | Reached skill level 5 in Armour
  3847 | D:5      | Reached XP level 7. HP: 61/62 MP: 6/6
  3973 | D:5      | Found a sand-covered staircase.
  3983 | Ossuary  | Entered an ossuary
  4084 | Ossuary  | Reached skill level 6 in Polearms
  4084 | Ossuary  | Reached skill level 5 in Dodging
  4376 | D:5      | Reached XP level 8. HP: 67/71 MP: 7/7
  4889 | D:6      | Found a burning altar of Makhleb.
  4946 | D:6      | Reached skill level 7 in Polearms
  5048 | D:6      | Reached skill level 1 in Bows
  5126 | D:6      | Noticed nikopol's ghost (novice MiBe)
  5135 | D:6      | Killed nikopol's ghost
  5205 | D:6      | Reached skill level 8 in Polearms
  5221 | D:6      | Reached XP level 9. HP: 75/79 MP: 8/8
  6323 | D:7      | Found Ovuubop's Distillery.
  6340 | D:7      | Reached **** piety under Trog
  6417 | D:7      | You fall through a shaft for 3 floors!
  6417 | D:10     | Entered Level 10 of the Dungeon
  6732 | D:10     | Reached skill level 9 in Polearms
  6733 | D:10     | Found a staircase to the Lair.
  7160 | D:10     | Reached skill level 5 in Bows
  7431 | Lair:1   | Entered Level 1 of the Lair of Beasts
  7491 | Lair:1   | Noticed a spiny frog
  7503 | Lair:1   | Killed a spiny frog
  7728 | Lair:1   | Noticed a spiny frog
  7736 | Lair:1   | Killed a spiny frog
  7736 | Lair:1   | Reached XP level 10. HP: 58/90 MP: 9/9
  7856 | D:9      | Found Vocaemn's Distillery.
  8553 | D:9      | Received a gift from Trog
  8693 | D:9      | Reached skill level 10 in Polearms
  8883 | D:9      | Got a polished scale mail
  8934 | D:9      | Found a radiant altar of Vehumet.
  8952 | D:9      | Found a burning altar of Makhleb.
  9108 | D:8      | Found a shadowy altar of Dithmenos.
  9108 | D:8      | Found an oddly glowing altar of Pakellas.
  9236 | D:8      | Received a gift from Trog
  9315 | D:8      | Noticed Erolcha
  9326 | D:8      | Killed Erolcha
  9502 | D:8      | Reached ***** piety under Trog
  9769 | D:8      | Noticed Pikel
  9785 | D:8      | Killed Pikel
  9802 | D:8      | Found a snail-covered altar of Cheibriados.
  9802 | D:8      | Found a glowing golden altar of the Shining One.
  9804 | D:8      | Found an opulent altar of Gozag.
  9805 | D:8      | Found a blossoming altar of Fedhas.
  9807 | D:8      | Found a sacrificial altar of Ru.
  9820 | D:8      | Found a bloodstained altar of Trog.
  9826 | D:8      | Found a deep blue altar of Sif Muna.
 10317 | Lair:1   | Reached XP level 11. HP: 49/97 MP: 10/10
 10321 | Lair:1   | Reached skill level 11 in Polearms
 10456 | Lair:1   | Mangled by a komodo dragon

Skill      XL: |  1  2  3  4  5  6  7  8  9 10 11 |
---------------+----------------------------------+-----
Fighting       | 4 5 6 7 8 9 |  9.3
Armour         | 3 4 5 6 8 9 |  9.2
Polearms       | 4 5 6 8 9 10 11 | 11.0
Dodging        | 3 4 5 6 7 8 |  8.3
Bows           | 3 5 8 |  8.4

Action                   |  1- 3 |  4- 6 |  7- 9 | 10-12 || total
-------------------------+-------+-------+-------+-------++-------
Melee: Spear             |   127 |   186 |   249 |       ||   562
       Headbutt          |    11 |    25 |    69 |    34 ||   139
       Halberd           |       |       |    53 |   165 ||   218
 Fire: Shortbow          |       |       |   201 |   123 ||   324
Invok: Berserk           |     1 |       |     2 |       ||     3
       Trog's Hand       |       |     1 |       |       ||     1
  Use: Potion            |       |     2 |       |       ||     2
       Scroll            |       |     8 |       |       ||     8
  Eat: Chunk             |     2 |     7 |    12 |    13 ||    34
       Pizza             |       |       |     1 |       ||     1
       Beef jerky        |       |       |     1 |       ||     1
Armor: Animal skin       |    12 |       |       |       ||    12
       Scale mail        |    11 |    52 |    46 |       ||   109
       Chain mail        |       |       |   100 |    76 ||   176
Dodge: Dodged            |    52 |    59 |   172 |   100 ||   383
